 Dungeon Crawl Stone Soup version 0.31.0-1-g2c135a008e (webtiles) character file.

Game seed: 15003508407601581675

79 qw the Shooter (level 4, -3/35 HPs)
             Began as a Djinni Hunter on Jan 23, 2024.
             Slain by a gnoll
             ... wielding a +0 spear
              (7 damage)
             ... on level 3 of the Dungeon.
             The game lasted 00:00:05 (1262 turns).

qw the Shooter (Djinni Hunter)                      Turns: 1262, Time: 00:00:06

Health: -3/35      AC:  3    Str: 10    XL:     4   Next: 62%
Gold:   102        EV: 17    Int: 11    God:
                   SH:  0    Dex: 18

rFire   + + .        a - +0 shortbow
rCold   x . .        (shield currently unavailable)
rNeg    . . .        c - +0 leather armour
rPois   inf          (no helmet)
rElec   .            (no cloak)
rCorr   .            (no gloves)
SInv    .            (boots unavailable)
Will    .....        (no amulet)
Stlth   ++           e - +5 ring of evasion
HPRegen 0.25/turn    (no ring)
MPRegen 0.00/turn

%: infuse magic (-4 HP)
@: flying
A: sickness immunity, fire resistance 2, cold vulnerability 1, float, innate
caster, HP casting, extra vitality 1
a: no special abilities


You were on level 3 of the Dungeon.
You visited 1 branch of the dungeon, and saw 3 of its levels.

You collected 102 gold pieces.


Innate Abilities, Weirdness & Mutations

You are immune to sickness and miasma.
You are immune to poison.
Your flesh is very heat resistant. (rF++)
You are vulnerable to cold. (rC-)
You float through the air rather than walking.
You learn spells naturally, not from books.
Your magical power is your life essence.
You have superior vitality. (+4 MHP)


   Skills:
 - Level 3.0 Fighting
 + Level 4.0 Ranged Weapons
 - Level 3.0 Dodging
 - Level 0.7 Stealth


You knew the following spells:

 Your Spells              Type           Power      Damage    Failure   Level
a - Magic Dart            Conj           0%         1d3       43%         1
Your spell library was empty.

Inventory:

Hand Weapons
 a - a +0 shortbow (weapon)
Armour
 c - a +0 leather armour (worn)
Jewellery
 e - a +5 ring of evasion (left hand)
Scrolls
 b - a scroll of summoning {unknown}
Potions
 d - a potion of resistance
 h - a potion of mutation {unknown}
 i - a potion of enlightenment {unknown}
 j - a potion of haste {unknown}
 m - a potion of curing

Dungeon Overview and Level Annotations

Branches:
Dungeon (3/15)

Altars:


Message History

You shoot an arrow. The arrow closely misses the adder.
The adder closely misses you. The adder misses you.
You shoot an arrow. The arrow misses the adder.
The adder misses you.
The gnoll hits you from afar with a +0 spear.
You shoot an arrow. The arrow misses the adder.
The adder bites you. The gnoll completely misses you.
The adder bites you but does no damage.
You shoot an arrow. The arrow misses the adder.
The adder barely misses you. The gnoll hits you but does no damage.
You shoot an arrow. The arrow closely misses the adder.
The adder bites you. The gnoll closely misses you. The adder barely misses you.
The gnoll closely misses you.
You shoot an arrow. The arrow closely misses the adder.
The adder bites you but does no damage.
The gnoll hits you from afar with a +0 spear.
The adder closely misses you.
You shoot an arrow. The arrow barely misses the adder.
The adder closely misses you. The gnoll hits you but does no damage.
You shoot an arrow. The arrow hits the adder.
The adder is almost dead.
The adder bites you. The gnoll completely misses you.
The adder completely misses you.
You shoot an arrow. The arrow completely misses the adder.
The arrow barely misses the endoplasm.
The gnoll hits you from afar with a +0 spear!
The adder bites you but does no damage.
The gnoll hits you from afar with a +0 spear!
The adder completely misses you.
You shoot an arrow. The arrow hits the adder.
You kill the adder!
The gnoll hits you from afar with a +0 spear.
Your Dodging skill increases to level 3!
You shoot an arrow. The arrow hits the endoplasm!
You kill the endoplasm!
The gnoll closely misses you.
You shoot an arrow. The arrow barely misses the gnoll.
The gnoll shouts!
The gnoll hits you from afar with a +0 spear!
You die...

## #.# #.#
....###.###.#
............#
....###.#####
##.
#.######## #.
#.........
####.
#.########
#.#....####.#
.......%@...#
#.....g####.#
..#g##. #.# #
#. #.# #. #.#
#. #.# #g #.#
gJ ...


You could see 2 gnolls.

Vanquished Creatures
  2 adders
  2 ribbon worms (D:2)
  4 dart slugs
  4 endoplasms
  A goblin (D:2)
  3 hobgoblins
  2 jackals (D:2)
  4 quokkas
  2 ball pythons
  4 bats (D:1)
  2 frilled lizards (D:1)
  3 kobolds (D:1)
  18 rats (D:2)
51 creatures vanquished.

Notes
Turn   | Place    | Note
-------+----------+-------------------------------------------
     0 | D:1      | qw the Djinni Hunter began the quest for the Orb.
     0 | D:1      | Reached XP level 1. HP: 18/18 MP: 0/0
     0 | D:1      | 0 ||| qw: Version: 0.3-a-135-gb77e89d
     0 | D:1      | 0 ||| qw: Game counter: 899
     0 | D:1      | 0 ||| qw: Melee chars always use a shield: true
     0 | D:1      | 0 ||| qw: God list: Okawaru
     0 | D:1      | 0 ||| qw: Allow faded altars: false
     0 | D:1      | 0 ||| qw: Do Orc after clearing Dungeon:15 true
     0 | D:1      | 0 ||| qw: Do second Lair branch before Depths: true
     0 | D:1      | 0 ||| qw: Lair rune preference: random
     0 | D:1      | 0 ||| qw: Goals: Normal
     0 | D:1      | 0 ||| PLANNING D:1-11
   208 | D:1      | Reached XP level 2. HP: 20/23 MP: 0/0
   272 | D:1      | Found a faded altar of an unknown god.
   486 | D:1      | 486 ||| UPGRADING to +5 ring of evasion.
   487 | D:1      | 487 ||| READING scroll labelled AWEULU DERORAPT.
   588 | D:1      | 588 ||| READING scroll labelled KEUTRE VASUA.
   589 | D:1      | 589 ||| DROPPING scroll of butterflies.
   612 | D:2      | 612 ||| STAIRDANCE
   659 | D:2      | Reached skill level 4 in Ranged Weapons
   659 | D:2      | Reached XP level 3. HP: 28/28 MP: 0/0
   659 | D:2      | Learned a level 1 spell: Magic Dart
   860 | D:2      | Reached XP level 4. HP: 28/34 MP: 0/0
   869 | D:2      | Reached skill level 3 in Fighting
  1169 | D:2      | 1169 ||| READING scroll labelled BIYCZYE DOSAY.
  1170 | D:2      | 1170 ||| READING scroll labelled YROISO NONE.
  1170 | D:2      | 1170 ||| IDENTIFYING sedimented emerald potion
  1171 | D:2      | 1171 ||| DRINKING 2 brown potions.
  1172 | D:2      | 1172 ||| DRINKING 2 murky silvery potions.
  1173 | D:2      | 1173 ||| DRINKING 2 purple potions.
  1174 | D:2      | 1174 ||| DROPPING potion of lignification.
  1175 | D:2      | 1175 ||| DROPPING potion of magic.
  1248 | D:3      | 1248 ||| RETREEEEATING.
  1260 | D:3      | HP: 3/35 [gnoll/+0 spear (6)]
  1261 | D:3      | Reached skill level 3 in Dodging
  1262 | D:3      | Slain by a gnoll

Levels and vault maps discovered:
D:1:      eino_arrival_water_star, layout_rooms, basic_ecumenical_altar
D:2:      layout_rooms, minmay_rat_hole
D:3:      layout_loops_ring, nicolae_ru_the_path_less_chosen, serial_shops,
          shop, uniq_natasha

Skill      XL: |  1  2  3  4 |
---------------+-------------+-----
Ranged Weapons | 4 |  4.0
Fighting       | 3 |  3.0
Dodging        | 3 |  3.0
Stealth        | |  0.7

Action                     |  1- 3 |  4- 6 || total
---------------------------+-------+-------++-------
   Fire: Shortbow          |    94 |    61 ||   155
    Use: Scroll            |     2 |     2 ||     4
         Potion            |       |     3 ||     3
 Armour: Leather armour    |    19 |    37 ||    56
  Dodge: Dodged            |    72 |    48 ||   120

Table legend:
 A = Non-vault XP
 B = Vault XP
 C = Vault XP percentage of total XP
 D = Non-vault monster count
 E = Vault monster count
 F = Vault count percentage of total count
                 A         B        C        D         E       F
            +---------+---------+-------+---------+---------+-------
      Total |      93 |      20 |  17.7 |      32 |      19 |  37.3
            +---------+---------+-------+---------+---------+-------
        D:1 |      21 |       0 |   0.0 |      14 |       0 |   0.0
        D:2 |      52 |      20 |  27.8 |      15 |      19 |  55.9
        D:3 |      20 |       0 |   0.0 |       3 |       0 |   0.0
            +---------+---------+-------+---------+---------+-------
